 Dungeon Crawl Stone Soup version 0.21-a0-538-gd16b88a (webtiles) character file.

20 slep the Chopper (level 2, 0/22 HPs)
             Began as a Demonspawn Gladiator on Dec 15, 2017.
             Slain by a kobold
             ... wielding a +0 whip
              (5 damage)
             ... on level 1 of the Dungeon.
             The game lasted 00:01:46 (310 turns).

slep the Chopper (Demonspawn Gladiator)              Turns: 310, Time: 00:01:46

Health: 0/22       AC: 10    Str: 14    XL:     2   Next: 58%
Magic:  2/2        EV: 12    Int:  9    God:
Gold:   40         SH:  3    Dex: 14    Spells: 1/1 levels left

rFire    . . .     SeeInvis .   a - +0 war axe
rCold    . . .     Gourm    .   j - +0 buckler
rNeg     . . .     Faith    .   b - +0 leather armour
rPois    .         Spirit   .   c - +0 helmet
rElec    .         Reflect  .   (no cloak)
rCorr    .         Harm     .   (no gloves)
MR       .....                  (no boots)
Stlth    +.........             (no amulet)
HPRegen  0.07/turn              (no ring)
MPRegen  0.08/turn              (no ring)

@: sanguine armour
A: sanguine armour 1
a: no special abilities


You were on level 1 of the Dungeon.
You were not hungry.

You visited 1 branch of the dungeon, and saw 1 of its levels.

You collected 40 gold pieces.

Inventory:

Hand Weapons
 a - a +0 war axe (weapon)
Missiles
 d - 3 throwing nets (quivered)
Armour
 b - a +0 leather armour (worn)
 c - a +0 helmet (worn)
 j - a +0 buckler (worn)
Scrolls
 e - a scroll of teleportation {unknown}
 g - a scroll of identify {unknown}
 h - a scroll of amnesia {unknown}
 i - 3 scrolls of immolation {unknown}
Potions
 k - a potion of lignification {unknown}
Comestibles
 f - a bread ration


   Skills:
 + Level 2.0 Fighting
 + Level 3.2 Axes
 + Level 1.7 Throwing
 + Level 0.1 Armour
 + Level 3.1 Dodging


You had one spell level left.
You didn't know any spells.

Dungeon Overview and Level Annotations

Branches:
Dungeon (1/15)

Altars:


Innate Abilities, Weirdness & Mutations

When seriously injured, your bleeding wounds create armour. (AC +6)


Message History

The goblin hits you with a dagger.
You closely miss the goblin. The goblin hits you but does no damage.
Your shield and leather armour prevent you from hitting the goblin.
The goblin misses you. The goblin hits you with a dagger.
* * * LOW HITPOINT WARNING * * *
You hit the goblin.
The goblin is moderately wounded.
The goblin hits you but does no damage.
You completely miss the goblin.
The goblin is moderately wounded.
The goblin hits you but does no damage.
You slash the goblin!
You kill the goblin!
You see here a dagger.
A kobold comes into view. It is wielding a whip.
You barely miss the kobold. The kobold hits you but does no damage.
You hit the kobold.
The kobold is moderately wounded.
The kobold hits you with a whip.
You die...

..#..####....###..###....#
..#....#..#.........[#..#
#......#..#..........#..#
####.........###..###....#
..[......#..## #..# ##...#
.........#.## ##..## ##..#
.##...†...####....####..#
#........##..##..##...#
!....#........@....).....#
.....##.####..K###########
.... #.# #...# ... #.##
#...# ... #..###...# ..
##..###### . ##..# .
##.##### ## #.....#


You could see a kobold.

Vanquished Creatures
  A dart slug (D:1)
  3 bats (D:1)
  A giant cockroach (D:1)
  3 goblins (D:1)
  A hobgoblin (D:1)
  2 jackals (D:1)
  A ball python (D:1)
  A frilled lizard (D:1)
  2 kobolds (D:1)
  3 rats (D:1)
18 creatures vanquished.

Notes
Turn   | Place    | Note
-------+----------+-------------------------------------------
     0 | D:1      | slep the Demonspawn Gladiator began the quest for the Orb.
     0 | D:1      | Reached XP level 1. HP: 16/16 MP: 1/1
    60 | D:1      | Gained mutation: When seriously injured, your bleeding wounds create armour. (AC +6) [demonic ancestry]
    60 | D:1      | Reached XP level 2. HP: 18/22 MP: 2/2
   310 | D:1      | Slain by a kobold

Vault maps used:
D:1:      giann_wishing_wells, palyth_stone_intersect

Skill      XL: |  1 |
---------------+----+-----
Dodging        | 3 |  3.1
Axes           | 3 |  3.2
Fighting       | |  2.0
Throwing       | |  1.7
Armour         | |  0.1

Action                   || total
-------------------------++-------
Melee: War axe           ||    48
Armor: Leather armour    ||    14
Dodge: Dodged            ||    37
Block: Buckler           ||     2

Table legend:
 A = Spawn XP
 B = Non-spawn XP
 C = Spawn XP percentage of total XP
 D = Spawn monster count
 E = Non-spawn monster count
 F = Spawn count percentage of total count
 G = Total turns spent on level
                    A         B        C        D         E        F      G
               +---------+---------+-------+---------+---------+-------+---------
         Total |       0 |      29 |   0.0 |       0 |      18 |   0.0 |   310
               +---------+---------+-------+---------+---------+-------+---------
           D:1 |       0 |      29 |   0.0 |       0 |      18 |   0.0 |   310
               +---------+---------+-------+---------+---------+-------+---------
